 Dungeon Crawl Stone Soup version 0.30-a0-726-gd89dcf765f (webtiles) character file.

Game seed: 13769426309241607313

6139 jimonade the Covert (level 10, -1/51 HPs)
             Began as a Vine Stalker Brigand on Jan 30, 2023.
             Was an Elder of Uskayaw.
             Slain by a yak (8 damage)
             ... on level 1 of the Lair of Beasts.
             The game lasted 00:21:17 (8118 turns).

jimonade the Covert (Vine Stalker Brigand)          Turns: 8118, Time: 00:21:18

Health: -1/51      AC: 16    Str: 14    XL:     10   Next: 90%
Magic:  0/13       EV: 14    Int: 11    God:    Uskayaw [****..]
Gold:   593        SH:  0    Dex: 20    Spells: 9/9 levels left

rFire   + . .      SeeInvis .    a - +1 short sword (venom)
rCold   . . .      Faith    +    (no shield)
rNeg    . . .      Spirit   +    I - +1 leather armour {rF+}
rPois   .          Reflect  .    E - +1 helmet
rElec   .          Harm     .    c - +1 cloak
rCorr   .          Rampage  .    (no gloves)
Will    ++...                    z - +2 pair of boots
Stlth   +++++                    M - amulet of faith
HPRegen 1.08/turn                R - +4 ring of protection
MPRegen 0.13/turn                n - ring of willpower

@: no status effects
A: fangs 3, regeneration 1, magic shield, antimagic bite, no potion heal 2
a: Renounce Religion, Stomp, Line Pass


You were on level 1 of the Lair of Beasts.
You worshipped Uskayaw.
Uskayaw was noncommittal.
You visited 3 branches of the dungeon, and saw 12 of its levels.

You collected 593 gold pieces.

Inventory:

Hand Weapons
 a - a +1 short sword of venom (weapon)
 b - a +3 dagger
 p - a +0 spear
 t - a +0 heavy sling
 w - a +2 dagger of holy wrath
 S - a +2 dagger
 W - a +2 hand axe of electrocution
Missiles
 d - 41 poisoned darts (quivered)
 e - 3 curare-tipped darts
 q - 67 stones
 F - 3 throwing nets
 L - 6 javelins
Armour
 c - a +1 cloak (worn)
 j - a +0 ring mail
 z - a +2 pair of boots (worn)
 E - a +1 helmet (worn)
 I - a +1 leather armour of fire resistance (worn)
 N - a +0 robe
 U - +0 acid dragon scales
Magical Staves
 Q - a staff of death
Jewellery
 k - a ring of magical power
 n - a ring of willpower (right hand)
 r - a ring of flight
 u - an amulet of magic regeneration
 H - the ring "Anegosm" {Wiz rF+}
   (You found it on level 3 of the Dungeon)

   [ring of wizardry]

   It improves your spell success rate.
   rF:        It protects you from fire.
 M - an amulet of faith (around neck)
 R - a +4 ring of protection (left hand)
 Y - an amulet of regeneration
Wands
 s - a wand of iceblast (23)
 D - a wand of polymorph (4)
 G - a wand of digging (4)
 T - a wand of mindburst (20)
Scrolls
 h - 3 scrolls of amnesia
 i - 2 scrolls of fog
 y - 2 scrolls of teleportation
 B - a scroll of blinking
 O - a scroll of fear
 P - 2 scrolls of identify
 X - a scroll of enchant weapon
Potions
 f - 2 potions of cancellation {unknown}
 g - 10 potions of curing
 l - a potion of invisibility {unknown}
 m - 5 potions of lignification
 o - 5 potions of brilliance
 v - 2 potions of magic {unknown}
 x - 4 potions of degeneration {unknown}
 A - 3 potions of attraction {unknown}
 C - 2 potions of mutation {unknown}
 J - 3 potions of flight {unknown}
 K - a potion of resistance
 V - 2 potions of might {unknown}


   Skills:
 + Level 4.6 Fighting
 * Level 8.5 Short Blades
 - Level 4.8 Axes
 + Level 2.6 Throwing
 + Level 4.0 Armour
 + Level 4.5 Dodging
 + Level 10.3 Stealth
 * Level 3.4 Invocations


You had 9 spell levels left.
You didn't know any spells.
Your spell library contained the following spells:

 Spells                   Type           Power      Damage    Failure   Level
 Freeze                   Ice            0%         1d3       41%         1
 Ensorcelled Hibernation  Hex/Ice        0%         N/A       54%         2
 Frozen Ramparts          Ice            0%         1d1       78%         3
 Hailstorm                Conj/Ice       0%         3d3       78%         3
 Spider Form              Tmut/Pois      0%         N/A       78%         3
 Anguish                  Hex/Necr       0%         N/A       99%         4
 Cause Fear               Hex            0%         N/A       99%         4
 Ice Form                 Ice/Tmut       0%         N/A       99%         4
 Summon Ice Beast         Ice/Summ       0%         N/A       99%         4
 Dragon Form              Tmut           0%         N/A       100%        7
 Dragon's Call            Summ           0%         N/A       100%        9


Dungeon Overview and Level Annotations

Branches:
Dungeon (10/15)            Temple (1/1) D:6            Lair (1/5) D:10
    Orc: D:9-12

Altars:
Ashenzari
Cheibriados
Dithmenos
Elyvilon
Fedhas
Gozag
Hepliaklqana
Kikubaaqudgha
Makhleb
Nemelex Xobeh
Okawaru
Qazlal
Ru
Sif Muna
Trog
Uskayaw
Vehumet
Wu Jian
Xom
Yredelemnul
Zin
The Shining One

Annotations:
D:9 exclusion: hornet, Psyche
D:10 Amaemon


Innate Abilities, Weirdness & Mutations

You have razor-sharp teeth.
Your natural rate of healing is unusually fast.
When hurt, damage is shared between your health and your magic reserves.
Your bite disrupts and absorbs the magic of your enemies.
Potions cannot restore your health.


Message History

You hit the yak.
The yak looks even sicker.
The yak is moderately wounded.
You hit the yak.
The yak looks as sick as possible!
You bite the yak. You drain its power.
The yak is severely wounded.
The yak barely misses you. x2; The yak closely misses you.
Uskayaw will force your foes to helplessly watch your dance.
You hit the yak.
The yak looks as sick as possible!
The yak is almost dead.
You barely miss the yak. The yak gores you but does no damage.
The yak gores you. The yak gores you but does no damage.
You hit the yak.
The yak is poisoned.
You bite the yak! You drain its power.
The yak is moderately wounded.
You hit the yak.
The yak looks even sicker.
Your bite misses the yak.
The yak is moderately wounded.
The yak gores you. x2; The yak gores you!
The yak gores you. The yak barely misses you.
Uskayaw will force your foes to share their pain.
Uskayaw links your audience in an emotional bond!
You hit the yak.
The yak is poisoned.
The yak is lightly wounded.
You barely miss the yak.
The yak is lightly wounded.
You kill the yak!
The yak misses you. The yak gores you! The yak barely misses you.
The yak gores you!
* * * LOW HITPOINT WARNING * * *
You hit the yak.
The yak looks even sicker.
The yak is lightly wounded.
The yak misses you. The yak gores you.
* * * LOW HITPOINT WARNING * * *
The yak closely misses you. The yak gores you!
* * * LOW HITPOINT WARNING * * *
You hit the yak.
The yak is lightly wounded.
You hit the yak. Your bite misses the yak.
The yak is moderately wounded.
The yak is no longer sharing its pain.
The yak gores you but does no damage. x2
The yak barely misses you. The yak gores you!
You die...

........... #.
#..........
#.###..........
##...#..........
..........:.....
..[.............
................
......YY<^......
.......@.....^..
......YY........
..#..#..........
#... ...........
#.. ............
#. .............
# ..............
###?..........


You could see 4 yaks.

Vanquished Creatures
  A two-headed ogre (D:9)
  A komodo dragon (D:10)
  Prince Ribbit (D:8)
  5 yaks
  A vampire mosquito (D:6)
  An acid dragon (D:6)
  An ice beast (D:8)
  3 orc warriors
  3 black bears
  5 ogres
  6 centaurs
  3 phantoms
  2 kobold brigands
  2 bullfrogs
  2 gnoll sergeants
  A necrophage (D:6)
  3 scorpions
  9 killer bees (D:9)
  2 howler monkeys
  2 jellies
  9 hounds
  3 orc priests
  5 iguanas
  Terence (D:3)
  7 orc wizards
  Natasha (thrice) (D:3)
  Ijyb (D:3)
  8 adders
  13 gnolls
  2 white imps
  2 ufetubi
  4 worms
  7 dart slugs
  41 orcs
  8 ball pythons
  12 endoplasms
  3 giant cockroaches
  5 goblins
  6 hobgoblins
  2 jackals (D:3)
  3 quokkas
  7 bats
  5 frilled lizards
  16 kobolds
  7 rats
  A butterfly (D:6)
235 creatures vanquished.

Vanquished Creatures (others)
  A sky beast (D:6)
  3 plants (D:10)
4 creatures vanquished.

Grand Total: 239 creatures vanquished

Notes
Turn   | Place    | Note
-------+----------+-------------------------------------------
     0 | D:1      | jimonade the Vine Stalker Brigand began the quest for the
                  | Orb.
     0 | D:1      | Reached XP level 1. HP: 11/11 MP: 2/2
    68 | D:1      | Reached skill level 5 in Stealth
   155 | D:1      | Reached XP level 2. HP: 15/15 MP: 3/3
   593 | D:2      | Reached XP level 3. HP: 18/18 MP: 4/4
   903 | D:2      | Reached skill level 6 in Stealth
   903 | D:2      | Gained mutation: Your natural rate of healing is unusually
                  | fast. [Vine Stalker growth]
   903 | D:2      | Reached XP level 4. HP: 22/23 MP: 5/5
  1215 | D:3      | Noticed Ijyb
  1242 | D:3      | Killed Ijyb
  1243 | D:3      | Reached skill level 1 in Dodging
  1243 | D:3      | Reached XP level 5. HP: 26/26 MP: 6/6
  1502 | D:3      | Identified the ring "Anegosm" {Wiz rF+}
  1764 | D:3      | Noticed Natasha
  1776 | D:3      | Killed Natasha
  1815 | D:3      | Noticed Terence
  1821 | D:3      | Killed Terence
  1822 | D:3      | Reached XP level 6. HP: 30/30 MP: 7/7
  2044 | D:3      | Noticed Natasha
  2056 | D:3      | Killed Natasha
  2229 | D:3      | Noticed Natasha
  2235 | D:3      | Killed Natasha
  2461 | D:4      | Found a shadowy altar of Dithmenos.
  2600 | D:4      | Reached skill level 5 in Short Blades
  2600 | D:4      | Reached XP level 7. HP: 35/35 MP: 8/8
  2700 | D:4      | Reached skill level 7 in Stealth
  2830 | D:4      | Reached skill level 1 in Armour
  2911 | D:5      | Entered Level 5 of the Dungeon
  3131 | D:5      | Gained mutation: You have razor-sharp teeth. [Vine Stalker
                  | growth]
  3131 | D:5      | Reached XP level 8. HP: 33/39 MP: 9/9
  3444 | D:5      | Reached skill level 8 in Stealth
  3966 | D:6      | Found a staircase to the Ecumenical Temple.
  3975 | Temple   | Entered the Ecumenical Temple
  4236 | Temple   | Became a worshipper of Uskayaw the Reveller
  4307 | D:6      | Reached * piety under Uskayaw
  4442 | D:6      | Reached ** piety under Uskayaw
  4447 | D:6      | Reached *** piety under Uskayaw
  4534 | D:6      | Reached skill level 1 in Axes
  4537 | D:6      | Reached XP level 9. HP: 29/44 MP: 6/10
  4537 | D:6      | Reached **** piety under Uskayaw
  4540 | D:6      | Reached ***** piety under Uskayaw
  4559 | D:6      | Reached ****** piety under Uskayaw
  4748 | D:6      | HP: 1/44 [acid dragon/splash of acid (8)]
  5267 | D:7      | Reached skill level 9 in Stealth
  5412 | D:7      | Found a broken altar of Ashenzari.
  5638 | D:7      | Found a blossoming altar of Fedhas.
  6253 | D:8      | Reached XP level 10. HP: 42/49 MP: 11/11
  6488 | D:8      | Reached skill level 1 in Invocations
  6697 | D:8      | Noticed Prince Ribbit
  6706 | D:8      | Killed Prince Ribbit
  7130 | D:9      | Noticed Psyche
  7236 | D:9      | Noticed a two-headed ogre
  7249 | D:9      | Killed a two-headed ogre
  7323 | D:9      | Reached skill level 10 in Stealth
  7766 | D:10     | Entered Level 10 of the Dungeon
  7780 | D:10     | Noticed Amaemon
  7780 | D:10     | Noticed an orange demon
  8060 | D:10     | Found a staircase to the Lair.
  8101 | Lair:1   | Entered Level 1 of the Lair of Beasts
  8118 | Lair:1   | Slain by a yak

Illustrated notes

Levels and vault maps discovered:
D:1:      matt_arrival_refuge, layout_rooms
D:2:      layout_rooms, minmay_circled_x
D:3:      minmay_wonky_spiral, layout_basic, dk_vineyard_2, st_stairs_9,
          cheibrodos_gnoll_hut, uniq_ijyb, uniq_natasha, uniq_terence
D:4:      layout_basic, nicolae_dithmenos_the_darkroom, minivault_26,
          st_stairs_2, minmay_ruptured
D:5:      layout_loops_cross, kennysheep_small_square
D:6:      wad_guarded_room, layout_basic, minmay_temple_entry_butterflies,
          kennysheep_minor_cross
D:7:      layout_basic, nicolae_overflow_hidden_temple, fedhas_altar_4,
          serial_park_tiny_pond, grunt_ministairs_15, hangedman_decor_growths,
          amcnicky_mini_pool_small
D:8:      layout_layer_cave, minmay_holes, uniq_prince_ribbit1
D:9:      layout_loops_ring, uniq_psyche
D:10:     layout_stronghold, david_lair_shrubbed,
          minmay_fractal_squares_gapless_5, uniq_amaemon
Temple:   compressed_dpeg_triangle_lava_temple
Lair:1:   layout_gridlike, uniq_fannar

Skill      XL: |  1  2  3  4  5  6  7  8  9 10 |
---------------+-------------------------------+-----
Stealth        | 5 6 7 8 9 10 | 10.3
Short Blades   | 2 3 4 5 6 7 8 |  8.5
Fighting       | 2 3 4 |  4.6
Dodging        | 1 2 3 4 |  4.5
Armour         | 1 2 3 4 |  4.0
Throwing       | 2 |  2.6
Axes           | 1 4 |  4.8
Invocations    | 3 |  3.4

Action                     |  1- 3 |  4- 6 |  7- 9 | 10-12 || total
---------------------------+-------+-------+-------+-------++-------
  Melee: Dagger            |    74 |   215 |   251 |       ||   540
         Bite              |    17 |    64 |   155 |    58 ||   294
         Punch             |     1 |     4 |    10 |       ||    15
         Hand axe          |       |       |    87 |       ||    87
         Short sword       |       |       |    90 |   166 ||   256
  Throw: Dart              |       |     1 |     4 |    12 ||    17
    Use: Scroll            |       |     8 |     4 |       ||    12
         Potion            |       |       |     1 |       ||     1
   Stab: Sleeping          |     8 |    11 |    17 |     1 ||    37
         Paralysed         |       |       |    10 |     7 ||    17
 Armour: Robe              |    11 |    30 |       |       ||    41
         Leather armour    |       |    34 |   153 |    68 ||   255
  Dodge: Dodged            |    27 |    95 |   216 |    88 ||   426

Table legend: (Time is in decaauts)
 A = Elapsed time spent in this place.
 B = Non-inter-level travel time spent in this place.
 C = Inter-level travel time spent in this place.
 D = Time resting spent in this place.
 E = Time spent auto-exploring this place.
 F = Levels seen in this place.
 G = Mean time per level.
                   A        B        C        D        E       F      G
               +--------+--------+--------+--------+--------+-----+--------+
         Total |   7911 |   7308 |    603 |    711 |   4706 |  12 |  659.2 |
       Dungeon |   7629 |   7059 |    570 |    711 |   4478 |  10 |  762.9 |
        Temple |    271 |    238 |     33 |      0 |    228 |   1 |  271.0 |
          Lair |     10 |     10 |      0 |      0 |      0 |   1 |   10.0 |
               +--------+--------+--------+--------+--------+-----+--------+

Top non-repeatable levels by time:
     D:3: 1190 daAuts
     D:9: 1142 daAuts
     D:8: 925 daAuts
     D:6: 922 daAuts
     D:5: 868 daAuts
     D:7: 776 daAuts
     D:2: 584 daAuts
     D:1: 578 daAuts
     D:4: 519 daAuts
  Temple: 271 daAuts
    D:10: 121 daAuts
  Lair:1: 10 daAuts
